 Dungeon Crawl Stone Soup version 0.27.0-1-g7a089689b8 (webtiles) character file.

Game seed: 16916599446820572752

16901 ParallaxScroll the Blocker (level 12, -1/77 HPs)
             Began as a Djinni Wanderer on Aug 1, 2021.
             Was a High Priest of Hepliaklqana.
             Slain by an enormous slime creature (78 damage)
             ... on level 12 of the Dungeon.
             The game lasted 01:39:13 (16695 turns).

ParallaxScroll the Blocker (Djinni Wanderer)       Turns: 16695, Time: 01:39:14

Health: -1/77      AC:  7    Str: 24    XL:     12   Next: 75%
Gold:   717        EV: 17    Int: 18    God:    Hepliaklqana [*****.] SH: 14 Dex: 15

rFire    + + .     SeeInvis .   b - +7 morningstar of Ointment {vorpal, Str+5 Int+3}
rCold    x . .     Faith    .   e - +0 kite shield
rNeg     . . .     Spirit   .   f - +1 ring mail {Will+}
rPois    ∞         Reflect  .   (no helmet)
rElec    .         Harm     .   (no cloak)
rCorr    .         Rampage  .   (no gloves)
Will     +++..                  (boots unavailable)
Stlth    +.........             T - amulet of the acrobat
HPRegen  0.22/turn              N - ring of Gofaid {Will+ Str+4 Int+2 Slay+4}
MPRegen  0.00/turn              S - +4 ring of evasion

@: flying
A: reduced essence, sickness immunity, fire resistance 2, cold vulnerability 1,
float, innate caster, hp casting, extra vitality 1
a: Renounce Religion, Recall Ancestor, Ancestor Identity, Transference, Idealise


You were on level 12 of the Dungeon.
You worshipped Hepliaklqana.
Hepliaklqana was extremely pleased with you.
You visited 1 branch of the dungeon, and saw 12 of its levels.
You also visited: Bailey.

You collected 743 gold pieces.
You spent 26 gold pieces at shops.

Inventory:

Hand Weapons
 a - a +2 vorpal hunting sling
 b - the +7 morningstar of Ointment (weapon) {vorpal, Str+5 Int+3}
   (You found it on level 4 of the Dungeon)

   It inflicts extra damage upon your enemies.
   Str:       It affects your strength (+5).
   Int:       It affects your intelligence (+3).
 c - the +5 falchion "Anuonury" {flame, +Blink +Rage rPois}
   (You found it on level 12 of the Dungeon)

   It burns those it strikes, dealing additional fire damage.
   Big, fiery blades are also staple armaments of hydra-hunters.
   rPois:     It protects you from poison.
   +Blink:    It lets you blink.
   +Rage:     It lets you go berserk.
Missiles
 g - 435 stones
 u - 72 sling bullets
 C - 7 throwing nets
 Q - 149 arrows
 R - 38 poisoned darts (quivered)
 X - 2 curare-tipped darts
 Z - 69 bolts
Armour
 e - a +0 kite shield (worn)
 f - a +1 ring mail of willpower (worn)
 i - +0 acid dragon scales
Magical Staves
 p - a staff of conjuration
Jewellery
 r - a ring of protection from cold
 y - a ring of see invisible
 F - a ring of wizardry
 N - the ring of Gofaid (left hand) {Will+ Str+4 Int+2 Slay+4}
   (You acquired it on level 12 of the Dungeon)

   [ring of slaying]

   Str:       It affects your strength (+4).
   Int:       It affects your intelligence (+2).
   Slay:      It affects your accuracy & damage with ranged weapons and melee
   (+4).
   Will:      It increases your willpower.
 S - a +4 ring of evasion (right hand)
 T - an amulet of the acrobat (around neck)
Wands
 k - a wand of digging (8)
 t - a wand of flame (31)
 M - a wand of iceblast (7)
 U - a wand of paralysis (2)
Scrolls
 d - a scroll of acquirement
 l - 2 scrolls of magic mapping
 n - 4 scrolls of teleportation
 o - 5 scrolls of immolation
 q - a scroll of silence {unknown}
 A - a scroll of fear {unknown}
 B - a scroll of noise {unknown}
 E - 2 scrolls of blinking
 G - a scroll of holy word {unknown}
 H - 3 scrolls of vulnerability
 O - 4 scrolls of enchant weapon
 P - 3 scrolls of fog {unknown}
 V - a scroll of summoning {unknown}
 W - 9 scrolls of enchant armour
Potions
 h - 3 potions of heal wounds
 j - 2 potions of invisibility {unknown}
 m - 2 potions of haste
 s - 2 potions of lignification
 v - 6 potions of curing {unknown}
 w - a potion of magic {unknown}
 x - a potion of attraction {unknown}
 z - 4 potions of mutation {unknown}
 D - 3 potions of brilliance {unknown}
 J - a potion of resistance
 K - a potion of flight {unknown}
 Y - 2 potions of might {unknown}


   Skills:
 - Level 8.0 Fighting
 - Level 1.7 Long Blades
 - Level 6.0 Maces & Flails
 - Level 1.0 Crossbows
 - Level 6.0 Armour
 - Level 6.0 Dodging
 - Level 1.5 Stealth
 + Level 14.4 Shields


You couldn't memorise any spells.
You knew the following spells:

 Your Spells              Type           Power      Damage    Failure   Level
a - Searing Ray           Conj           0%         3d3       45%         2
b - Animate Skeleton      Necr           0%         N/A       34%         1
c - Blink                 Tloc           N/A        N/A       45%         2
d - Gell's Gravitas       Tloc           0%         N/A       71%         3
e - Lightning Bolt        Conj/Air       0%         1d11      100%        5
Your spell library was empty.


Dungeon Overview and Level Annotations

Branches:
Dungeon (12/15)            Temple (0/1) D:4            Lair (0/6) D:9
    Orc (0/2) D:9          Bailey (visited)

Altars:
Ashenzari
Cheibriados
Dithmenos
Elyvilon
Hepliaklqana
Makhleb
Okawaru
Sif Muna
Trog
Vehumet
Wu Jian

Shops:
D:8 *

Annotations:
D:9 exclusion: wizard


Innate Abilities, Weirdness & Mutations

Your life essence is reduced to manifest your ancestor. (-10% HP)
You are immune to sickness and miasma.
You are immune to poison.
Your flesh is very heat resistant. (rF++)
You are vulnerable to cold. (rC-)
You float through the air rather than walking.
You learn spells naturally, not from books.
Your magical power is your life essence.
You have superior vitality. (+4 HP)


Message History

You shoot a sling bullet.
The sling bullet hits the slime creature!
The slime creature is lightly wounded.
Dejan casts a spell at the slime creature.
The stone arrow hits the slime creature!!
What are your orders? t - Shout!
Orders for allies: a - Attack new target. p - Attack previous target. r - Retreat! s - Stop attacking. g - Guard the area. f - Follow me.
Anything else - Cancel.
Guard this area!
A slime creature comes into view. x2
Dejan points at the slime creature and mumbles some strange words.
The stone arrow hits the slime creature!!
You feel stronger.
You feel clever.
b - the +7 morningstar of Ointment (weapon)
{vorpal, Str+5 Int+3} You strike the helpless slime creature from behind!
You impale the slime creature!!
You kill the slime creature!
Dejan casts a spell at the slime creature.
The puff of frost hits the slime creature!
Dejan casts a spell at the slime creature.
The puff of frost hits the slime creature!
You puncture the slime creature!
The slime creature is almost dead.
You block the slime creature's attack.
A slime creature comes into view.
You bludgeon the slime creature!!
You kill the slime creature!
You swap places.
You puncture the slime creature!
The slime creature is moderately wounded.
The slime creature barely misses you.
Two slime creatures merge to form an enormous slime creature.
You hit the enormous slime creature.
The enormous slime creature is lightly wounded.
The enormous slime creature hits you!!!!
Ouch! That really hurt!
You die...

,,**,,,,,,,,,,,,,*
,**,,**,,....,,,**
,**,***,,....,,,*
,,,,**,,,..(..,,*
,,,***,,,.....,**
,,** *,,,,,....*
######### ,,*
*,,,,,,,..#*
#......8. ,**
**,,,,,,,,#J###
#...8[).÷ ,*
*,,,,,,,,**#@R##
#..))[).. **
*,,,,,,,** ##..##
#..)..).. *
**,,,,***
###.#####.8))..∩.
* ******
##...........).
##..##........
##......8....
#.##......8.
##.##....####
#..#######


You could see the friendly Dejan the battlemage and an enormous slime creature
(ally target).

Vanquished Creatures
  A boulder beetle (D:11)
  A two-headed ogre (D:11)
  An orc knight (Bailey)
  2 kobold demonologists
  A jumping spider (shapeshifter) (D:11)
  3 trolls
  A hornet (D:9)
  2 slime creatures (D:12)
  A wraith (D:11)
  A wyvern (D:9)
  A basilisk (D:10)
  4 yaks (D:11)
  2 swamp worms (D:10)
  A hornet zombie (D:8)
  6 orc warriors
  A black bear (D:5)
  2 ice beasts
  A necrophage (D:5)
  2 centaurs
  3 kobold brigands
  3 bullfrogs
  2 scorpions
  A water moccasin skeleton (D:5)
  4 troll zombies (D:9)
  2 killer bees (D:9)
  6 howler monkeys
  2 wights
  4 jellies
  3 centaur zombies
  4 orc priests
  A hound (D:5)
  2 iron imps (D:6)
  2 iguanas
  4 orc wizards
  3 ogre zombies
  A howler monkey zombie (D:9)
  13 gnolls
  3 adders
  10 orc zombies
  A shadow imp (D:6)
  2 ufetubi
  21 orcs
  2 endoplasms
  A giant cockroach (D:1)
  5 goblins
  8 hobgoblins
  2 jackals (D:3)
  3 quokkas
  2 ball pythons
  9 bats
  A frilled lizard (D:1)
  2 goblin skeletons (D:9)
  2 goblin zombies (D:9)
  2 hobgoblin zombies (D:9)
  14 kobolds
  An orc skeleton (D:9)
  3 rats
188 creatures vanquished.

Vanquished Creatures (collateral kills)
  Harold (D:9)
  3 two-headed ogres
  Sonja (D:12)
  2 orc knights (Bailey)
  2 cyclopes
  A kobold demonologist (D:10)
  3 trolls (D:9)
  2 shadows (D:9)
  2 yaks (D:11)
  3 vampire mosquitoes (D:12)
  An acid dragon (D:10)
  A black bear (D:6)
  4 orc warriors
  2 sky beasts
  A necrophage (D:6)
  2 ogres
  A centaur (D:10)
  2 kobold brigands
  A phantom (D:9)
  3 bullfrogs
  A killer bee (D:9)
  3 wights (D:8)
  2 howler monkeys
  2 vampire bats (D:5)
  3 centaur zombies
  A gnoll shaman (D:6)
  An orc priest (D:4)
  A centaur skeleton (D:7)
  An iron imp (D:6)
  5 orc wizards
  4 gnolls
  A gnoll zombie (D:4)
  An adder (D:3)
  2 worms
  31 orcs
  An endoplasm (D:3)
  A giant cockroach (D:3)
  2 goblins (D:3)
  A jackal (D:3)
  A quokka (D:5)
  4 bats
  5 kobolds
  An orc skeleton (D:9)
  An orc zombie (D:9)
  A rat (D:3)
115 creatures vanquished.

Vanquished Creatures (others)
  A wizard (D:9)
  A butterfly (D:9)
  2 plants (D:10)
4 creatures vanquished.

Grand Total: 307 creatures vanquished

Notes
Turn   | Place    | Note
-------+----------+-------------------------------------------
     0 | D:1      | ParallaxScroll the Djinni Wanderer began the quest for the
                  | Orb.
     0 | D:1      | Reached XP level 1. HP: 18/18 MP: 0/0
   349 | D:1      | Reached XP level 2. HP: 21/24 MP: 0/0
  1313 | D:2      | Reached XP level 3. HP: 30/30 MP: 0/0
  1313 | D:2      | Learned a level 1 spell: Animate Skeleton
  1439 | D:2      | Found a faded altar of an unknown god.
  1450 | D:2      | Became a worshipper of Hepliaklqana the Forgotten
  1450 | D:2      | Reached * piety under Hepliaklqana
  2039 | D:3      | Reached XP level 4. HP: 15/33 MP: 0/0
  2248 | D:3      | Found a shadowy altar of Dithmenos.
  2400 | D:3      | Reached ** piety under Hepliaklqana
  2401 | D:3      | Remembered your ancestor Dejan as a battlemage
  2543 | D:3      | Found a broken altar of Ashenzari.
  2552 | D:3      | Found an iron altar of Okawaru.
  3287 | D:4      | Reached skill level 5 in Fighting
  3287 | D:4      | Reached XP level 5. HP: 38/38 MP: 0/0
  3287 | D:4      | Learned a level 2 spell: Blink
  3359 | D:4      | Noticed an ogre
  3366 | D:4      | Killed an ogre
  3367 | D:4      | Reached XP level 6. HP: 22/44 MP: 0/0
  3525 | D:4      | Found a transporter.
  3553 | D:4      | Identified the +7 morningstar of Ointment {vorpal, Str+5
                  | Int+3}
  3820 | D:4      | Found a snail-covered altar of Cheibriados.
  3977 | D:4      | Reached *** piety under Hepliaklqana
  3982 | D:4      | Found a transporter.
  4176 | D:4      | Found a staircase to the Ecumenical Temple.
  4447 | D:4      | Reached skill level 1 in Maces & Flails
  4495 | D:4      | Reached XP level 7. HP: 48/48 MP: 0/0
  4495 | D:4      | Learned a level 2 spell: Searing Ray
  4925 | D:5      | Entered Level 5 of the Dungeon
  5537 | D:5      | Reached XP level 8. HP: 53/53 MP: 0/0
  5751 | D:5      | Reached skill level 5 in Maces & Flails
  7238 | D:6      | Reached skill level 5 in Armour
  7238 | D:6      | Reached XP level 9. HP: 55/58 MP: 0/0
  7238 | D:6      | Learned a level 3 spell: Gell's Gravitas
  7736 | D:6      | Reached skill level 5 in Dodging
  7814 | D:6      | Reached skill level 2 in Shields
  7889 | D:6      | Reached skill level 3 in Shields
  7893 | D:6      | Found a burning altar of Makhleb.
  7989 | D:6      | Reached skill level 4 in Shields
  8464 | D:6      | Found a burning altar of Makhleb.
  8900 | D:7      | Reached skill level 5 in Shields
  9379 | D:7      | Reached skill level 6 in Shields
  9470 | D:7      | Reached **** piety under Hepliaklqana
  9839 | D:8      | Reached XP level 10. HP: 63/63 MP: 0/0
  9841 | D:8      | Reached skill level 7 in Shields
  9889 | D:8      | Found Rihasyck's General Store.
  9906 | D:8      | Bought a scroll of identify for 26 gold pieces
 10154 | D:8      | Reached skill level 8 in Shields
 10775 | D:9      | Reached skill level 9 in Shields
 10789 | D:9      | Noticed a kobold demonologist
 10806 | D:9      | Killed a kobold demonologist
 10848 | D:9      | Found a white marble altar of Elyvilon.
 10881 | D:9      | Noticed Harold
 11183 | D:9      | Found a staircase to the Lair.
 11307 | D:9      | Reached skill level 10 in Shields
 11605 | D:9      | Killed Harold
 11606 | D:9      | Reached XP level 11. HP: 72/72 MP: 0/0
 11606 | D:9      | Learned a level 5 spell: Lightning Bolt
 11644 | D:9      | Found a staircase to the Orcish Mines.
 12181 | D:9      | Found a bloodstained altar of Trog.
 12182 | D:9      | Noticed a wizard
 12188 | D:9      | Killed a wizard
 12230 | D:10     | Entered Level 10 of the Dungeon
 12398 | D:10     | Noticed a sun demon
 12805 | D:10     | Found a hazy altar of Hepliaklqana.
 13147 | D:10     | Reached ***** piety under Hepliaklqana
 13214 | D:10     | Found an ornate altar of the Wu Jian Council.
 13393 | D:10     | Found a hazy altar of Hepliaklqana.
 13589 | D:10     | Found an ornate altar of the Wu Jian Council.
 14041 | D:11     | Noticed a boulder beetle
 14054 | D:11     | Killed a boulder beetle
 14055 | D:11     | Reached skill level 11 in Shields
 14291 | D:11     | Found a faded altar of an unknown god.
 14291 | D:11     | Found a faded altar of an unknown god.
 14291 | D:11     | Noticed a two-headed ogre
 14294 | D:11     | Noticed a two-headed ogre
 14295 | D:11     | Killed a two-headed ogre
 14298 | D:11     | Killed a two-headed ogre
 14400 | D:11     | Found a faded altar of an unknown god.
 14400 | D:11     | Found a hazy altar of Hepliaklqana.
 14482 | D:11     | Noticed a cyclops
 14491 | D:11     | Killed a cyclops
 14509 | D:11     | Reached skill level 12 in Shields
 14759 | D:11     | Reached XP level 12. HP: 31/77 MP: 0/0
 15378 | D:12     | Noticed a two-headed ogre
 15435 | D:12     | Found a flagged portal.
 15446 | D:12     | Identified the +8 trident "Domo Agi" {vamp, *Corrode Int+3
                  | Dex+9}
 15468 | Bailey   | Entered a bailey
 15674 | Bailey   | Reached skill level 13 in Shields
 16314 | D:12     | Acquired the ring of Gofaid {Will+ Str+4 Int+2 Slay+4}
 16360 | D:12     | Noticed Sonja
 16366 | D:12     | Killed Sonja
 16396 | D:12     | Killed a two-headed ogre
 16397 | D:12     | Reached skill level 14 in Shields
 16565 | D:12     | Identified the +5 falchion "Anuonury" {flame, +Blink +Rage
                  | rPois}
 16610 | D:12     | Noticed a two-headed ogre
 16615 | D:12     | Killed a two-headed ogre
 16695 | D:12     | Slain by an enormous slime creature

Illustrated notes

Levels and vault maps discovered:
D:1:      dpeg_arrival_snail, layout_basic
D:2:      layout_loops_ring, shapermc_ecumenical_altar_pompeii
D:3:      layout_basic, nicolae_dithmenos_shadow_blocks,
          mainiacjoe_overflow_swirl, nrook_mini_backslash
D:4:      gammafunk_cloud_chamber, layout_basic, mainiacjoe_overflow_chevrons,
          minmay_temple_entry_poolview
D:5:      layout_loops_ring, minmay_misc_feat_alley, roderic_batcave
D:6:      layout_basic, demons_altar
D:7:      layout_basic
D:8:      layout_rooms, vehumet_altar_wand_db, serial_shops, shop
D:9:      layout_loops_ring, trog_wizard, led_sif_pool,
          nicolae_elyvilon_peaceful_grove, lair_entry_dummy, zombieorc1_lemuel,
          minmay_misc_feat_roman, uniq_harold
D:10:     layout_basic, kennysheep_mini_moat, old_standard_altar,
          hangedman_abyss_or_decor_passed, worms_lemuel
D:11:     layout_basic, minivault_27, nicolae_hepliaklqana_ecumenical_no_more
D:12:     layout_cave_pods, enter_bailey_6, uniq_sonja

Skill      XL: |  1  2  3  4  5  6  7  8  9 10 11 12 |
---------------+-------------------------------------+-----
Fighting       | 3 4 5 7 8 |  8.0
Armour         | 2 3 5 6 |  6.0
Dodging        | 2 3 5 6 |  6.0
Maces & Flails | 2 4 6 |  6.0
Shields        | 6 10 12 14 | 14.4
Long Blades    | |  1.7
Crossbows      | |  1.0
Stealth        | |  1.5

Action                   |  1- 3 |  4- 6 |  7- 9 | 10-12 || total
-------------------------+-------+-------+-------+-------++-------
Melee: Quarterstaff      |    92 |    24 |       |       ||   116
       Morningstar       |       |     5 |   101 |   236 ||   342
 Fire: Hunting sling     |       |    16 |   102 |    75 ||   193
Throw: Stone             |    13 |     3 |       |       ||    16
       Dart              |       |       |       |     8 ||     8
Invok: Ancestor Life: Ba |       |     1 |       |       ||     1
       Ancestor Identity |       |     1 |       |       ||     1
       Recall Ancestor   |       |     1 |     1 |     3 ||     5
       Transference      |       |       |       |     1 ||     1
Evoke: Wand              |       |       |       |     4 ||     4
  Use: Scroll            |       |       |     5 |     5 ||    10
       Potion            |       |       |       |     1 ||     1
 Stab: Sleeping          |     2 |     1 |     1 |       ||     4
       Distracted        |       |       |     1 |     2 ||     3
Armor: Ring mail         |    45 |     7 |    25 |    45 ||   122
Dodge: Dodged            |    37 |    19 |    80 |   152 ||   288
Block: Kite shield       |       |       |       |   145 ||   145
